[Event "2024 Mary Thomson Cup (Division A)"]
[Site "Woodvale, Perth WA AUS"]
[Date "2024.03.13"]
[Round "2"]
[White "Curthoys, Edward"]
[Black "Gibson, Jacob"]
[Result "0-1"]
[ECO "A28"]
[WhiteElo "1906"]
[BlackElo "1976"]
[PlyCount "84"]
[EventDate "2024.01.31"]
[EventType "tourn"]
[EventRounds "7"]
[EventCountry "AUS"]
[TimeControl "3600+30"]

1. c4 e5 2. Nc3 Nf6 3. Nf3 Nc6 4. d3 Bb4 5. e4 h6 6. Bd2 a5 7. Be2 O-O 8. O-O
d6 9. h3 Nh7 10. a3 Bc5 11. Nd5 Ba7 12. b4 a4 13. Be3 Bxe3 14. fxe3 f5 15. exf5
Bxf5 16. e4 Bg6 17. b5 Ne7 18. Nc3 Bh5 19. g4 Bf7 20. Nxa4 Ng6 21. Nc3 Nf4 22.
Kh2 Ng5 23. Ng1 c6 24. d4 Qa5 25. Rc1 Qxa3 26. d5 cxd5 27. Nxd5 Bxd5 28. cxd5
Nxe4 29. Rf3 Qa2 30. Rc2 Qa4 31. Bd3 Nc5 32. Bf1 Ng6 33. Rc1 Rxf3 34. Qxf3 Rf8
35. Qe3 Qa2+ 36. Kh1 Qxd5+ 37. Kh2 Qa2+ 38. Kh1 Kh8 39. Bc4 Qb2 40. Rd1 Nf4 41.
Rd2 Qc1 42. Bf1 Qxf1 0-1

[Event "2024 Mary Thomson Cup (Division A)"]
[Site "Woodvale, Perth WA AUS"]
[Date "2024.02.07"]
[Round "2"]
[White "Wolstencroft, Alan"]
[Black "Saxon, Marc"]
[Result "0-1"]
[ECO "B36"]
[WhiteElo "1900"]
[BlackElo "2034"]
[PlyCount "50"]
[EventDate "2024.01.31"]
[EventType "tourn"]
[EventRounds "7"]
[EventCountry "AUS"]
[TimeControl "3600+30"]

1. e4 c5 2. Nf3 g6 3. d4 cxd4 4. Nxd4 Nc6 5. c4 Nf6 6. Nc3 Nxd4 7. Qxd4 d6 8.
Be3 Bg7 9. Qd2 O-O 10. Be2 Qa5 11. Rb1 a6 12. f3 Be6 13. O-O Rfc8 14. b3 b5 15.
Nd5 Qxd2 16. Bxd2 Nxd5 17. cxd5 Rc2 18. Rfd1 Bd7 19. a4 bxa4 20. bxa4 Bxa4 21.
Bxa6 Bd4+ 22. Kh1 Rxa6 23. Bh6 Rb2 24. Rxb2 Bxb2 25. Rb1 Bc2 0-1

[Event "2024 Mary Thomson Cup (Division A)"]
[Site "Woodvale, Perth WA AUS"]
[Date "2024.03.13"]
[Round "2"]
[White "Maris, Rob"]
[Black "Plaganyi, Gyula"]
[Result "1/2-1/2"]
[ECO "A22"]
[WhiteElo "2089"]
[BlackElo "2053"]
[BlackTitle "CM"]
[PlyCount "99"]
[EventDate "2024.01.31"]
[EventType "tourn"]
[EventRounds "7"]
[EventCountry "AUS"]
[TimeControl "3600+30"]

1. c4 e5 2. Nc3 Nf6 3. Nf3 e4 4. Ng5 c6 5. Ncxe4 Nxe4 6. Nxe4 d5 7. cxd5 cxd5
8. Ng3 h5 9. e3 h4 10. Ne2 Qf6 11. d4 Nc6 12. a3 Bd6 13. Nc3 Qg6 14. Bd2 h3 15.
g3 O-O 16. Be2 Bf5 17. Rc1 Rad8 18. O-O Rfe8 19. Bf3 Bb8 20. b4 Qe6 21. Qb3 Bd3
22. Bxd5 Rxd5 23. Qxd5 Qg4 24. f4 Ne7 25. Qf3 Qg6 26. e4 Bxf1 27. Rxf1 a5 28.
b5 Ba7 29. Qd3 Rd8 30. Be3 f5 31. e5 Qe6 32. Rf2 Qb3 33. Qc2 Qxa3 34. Qa2+ Qxa2
35. Rxa2 Bxd4 36. Bxd4 Rxd4 37. Rxa5 Rd3 38. Ne2 Nd5 39. Ra8+ Kf7 40. Ra7 Ne3
41. Rxb7+ Kf8 42. Rb8+ Kf7 43. g4 Rd1+ 44. Kf2 Nxg4+ 45. Kg3 Rd3+ 46. Kh4 Nxh2
47. Ng3 Ng4 48. Kxh3 Nxe5 49. Rb7+ Kf8 50. Rb8+ 1/2-1/2

[Event "2024 Mary Thomson Cup (Division B)"]
[Site "Woodvale, Perth WA AUS"]
[Date "2024.02.07"]
[Round "2"]
[White "Deng, Eric"]
[Black "Gough, Dylan"]
[Result "1-0"]
[ECO "B00"]
[WhiteElo "1733"]
[BlackElo "1784"]
[PlyCount "169"]
[EventDate "2024.01.31"]
[EventType "tourn"]
[EventRounds "7"]
[EventCountry "AUS"]
[TimeControl "3600+30"]

1. e4 Nc6 2. Nf3 d6 3. d4 Bg4 4. Be2 Nf6 5. Nc3 a6 6. O-O e5 7. d5 Nb8 8. Nd2
Bxe2 9. Nxe2 Nbd7 10. f4 c6 11. Nc3 Qc7 12. f5 O-O-O 13. a4 cxd5 14. exd5 Nb6
15. Nde4 Nxe4 16. Nxe4 Qc4 17. Ng5 Rd7 18. Be3 Nxd5 19. Bf2 Nf6 20. Ra3 Qg4 21.
Qd2 Ne4 22. Nxe4 Qxe4 23. Re1 Qxf5 24. Qe3 Kd8 25. Qb6+ Ke7 26. c4 Qe6 27. Rae3
f6 28. Rf3 Qxc4 29. b3 Qe6 30. h3 Kf7 31. g4 Be7 32. Rf5 Rc8 33. Qe3 Rdc7 34.
Qe4 Qxb3 35. Rh5 Rc3 36. g5 Rxh3 37. Qxh7 Rxh5 38. Qxh5+ Kg8 39. g6 Kf8 40. Re3
Rc1+ 41. Kh2 Qd5 42. Rf3 Ke8 43. Kg3 Rc4 44. a5 Rf4 45. Rc3 Kd7 46. Bb6 Rc4 47.
Qf5+ Ke8 48. Rd3 Qc6 49. Qe6 Rc3 50. Qg8+ Kd7 51. Rxc3 Qxc3+ 52. Kf2 Qd2+ 53.
Kf1 Qf4+ 54. Bf2 d5 55. Qxd5+ Bd6 56. Qxb7+ Ke6 57. Qf7+ Kf5 58. Qd7+ Kxg6 59.
Qxd6 Qc4+ 60. Kg2 Qb5 61. Qd2 e4 62. Bb6 Qg5+ 63. Qxg5+ Kxg5 64. Kg3 Kf5 65.
Bd4 Ke6 66. Kf4 Kd5 67. Be3 g6 68. Bb6 f5 69. Be3 Kc4 70. Bb6 Kd3 71. Ba7 g5+
72. Kxg5 e3 73. Kxf5 e2 74. Bf2 Kc4 75. Be1 Kb5 76. Ke5 Kc6 77. Ke6 Kc7 78. Kd5
Kb7 79. Kc5 Kc7 80. Kd5 Kd7 81. Ke5 Kc7 82. Ke6 Kc6 83. Ke5 Kc5 84. Ke4 Kb5 85.
Kd5 1-0

[Event "2024 Mary Thomson Cup (Division B)"]
[Site "Woodvale, Perth WA AUS"]
[Date "2024.02.07"]
[Round "2"]
[White "Roebuck, Derek"]
[Black "Doshi, Chirag"]
[Result "1-0"]
[ECO "B18"]
[WhiteElo "1781"]
[BlackElo "1836"]
[PlyCount "45"]
[EventDate "2024.01.31"]
[EventType "tourn"]
[EventRounds "7"]
[EventCountry "AUS"]
[TimeControl "3600+30"]

1. e4 c6 2. Nc3 d5 3. d4 dxe4 4. Nxe4 Bf5 5. Ng3 Bg6 6. h4 h6 7. Bd3 Bxd3 8.
Qxd3 e6 9. N1e2 Bd6 10. Ne4 Bc7 11. Bf4 Bxf4 12. Nxf4 Nf6 13. O-O-O Nxe4 14.
Qxe4 Na6 15. d5 cxd5 16. Rxd5 Qc7 17. Nxe6 fxe6 18. Qxe6+ Qe7 19. Qg6+ Kf8 20.
Rhd1 Qxh4 21. Rf5+ Kg8 22. Rd7 Rh7 23. Qf7+ 1-0

[Event "2024 Mary Thomson Cup (Division B)"]
[Site "Woodvale, Perth WA AUS"]
[Date "2024.02.07"]
[Round "2"]
[White "Leonhardt, Wolfgang"]
[Black "Balavignan, Ashvin"]
[Result "0-1"]
[ECO "D13"]
[WhiteElo "1900"]
[BlackElo "1839"]
[PlyCount "78"]
[EventDate "2024.01.31"]
[EventType "tourn"]
[EventRounds "7"]
[EventCountry "AUS"]
[TimeControl "3600+30"]

1. d4 d5 2. Nf3 Nf6 3. c4 c6 4. cxd5 cxd5 5. Nc3 e6 6. a3 a6 7. Bf4 Bd6 8. Bxd6
Qxd6 9. e3 Qb6 10. b4 Nc6 11. Bd3 O-O 12. O-O Bd7 13. Na4 Qd8 14. Nc5 Bc8 15.
Rc1 Ne7 16. Bb1 b6 17. Nd3 Bb7 18. Nfe5 Qd6 19. a4 a5 20. b5 Rac8 21. f3 Nf5
22. Kf2 Qa3 23. g4 Nd6 24. Nc6 Bxc6 25. bxc6 Nc4 26. g5 Ne8 27. Qe1 Rxc6 28. h4
Ned6 29. e4 dxe4 30. fxe4 Qa1 31. Kg3 Qxd4 32. Nf4 Rfc8 33. Rd1 Qe5 34. Kh3 Nb2
35. Kg2 Nxd1 36. Qxd1 Rc1 37. Qd3 Rxf1 38. Qxf1 Nxe4 39. Ne2 Nd2 0-1

[Event "2024 Mary Thomson Cup (Division B)"]
[Site "Woodvale, Perth WA AUS"]
[Date "2024.02.07"]
[Round "2"]
[White "De Yaak, Peter"]
[Black "Janceski, Alex"]
[Result "1-0"]
[ECO "B20"]
[WhiteElo "1897"]
[BlackElo "1887"]
[PlyCount "61"]
[EventDate "2024.01.31"]
[EventType "tourn"]
[EventRounds "7"]
[EventCountry "AUS"]
[TimeControl "3600+30"]

1. e4 c5 2. Bc4 e6 3. c3 a6 4. d4 cxd4 5. cxd4 b5 6. Bb3 d6 7. Nf3 Bb7 8. Qd3
Nf6 9. Nbd2 Nbd7 10. O-O Be7 11. Bc2 Rc8 12. Re1 Qc7 13. Bb1 e5 14. a3 O-O 15.
Ba2 h6 16. Nh4 Qd8 17. Nf5 Kh7 18. Qh3 Ng8 19. Nf3 exd4 20. N3xd4 Ne5 21. Bf4
Bf6 22. Rad1 Qb6 23. Bxe5 dxe5 24. Nf3 Rc2 25. Qg3 Rxb2 26. Rd6 Qa5 27. Rxf6 g6
28. Bxf7 g5 29. Bg6+ Kh8 30. Rxf8 Bxe4 31. Qxe5# 1-0

[Event "2024 Mary Thomson Cup (Division C)"]
[Site "Woodvale, Perth WA AUS"]
[Date "2024.02.07"]
[Round "2"]
[White "Sethuraman, Jaswanth Ram"]
[Black "Curtis, Calan"]
[Result "1/2-1/2"]
[ECO "C01"]
[WhiteElo "1557"]
[BlackElo "1628"]
[PlyCount "62"]
[EventDate "2024.01.31"]
[EventType "tourn"]
[EventRounds "7"]
[EventCountry "AUS"]
[TimeControl "3600+30"]

1. e4 e6 2. Nf3 d5 3. exd5 exd5 4. d4 Bd6 5. Nc3 Nf6 6. Bg5 c6 7. Ne5 O-O 8.
Be2 Re8 9. f4 Nbd7 10. O-O Nf8 11. Bh5 g6 12. Bg4 Ne6 13. Bxe6 Bxe6 14. Qf3 Bf5
15. Rac1 Be4 16. Nxe4 dxe4 17. Qb3 Bxe5 18. dxe5 Qd4+ 19. Kh1 Ng4 20. Bh4 e3
21. Rfd1 Qxf4 22. Bg3 Qf5 23. Rf1 Nf2+ 24. Kg1 Rxe5 25. Bxf2 exf2+ 26. Rxf2 Qd7
27. Qc3 Rae8 28. Rcf1 Qe7 29. Rxf7 Qxf7 30. Rxf7 Kxf7 31. Qb3+ Kf8 1/2-1/2

[Event "2024 Mary Thomson Cup (Division C)"]
[Site "Woodvale, Perth WA AUS"]
[Date "2024.02.07"]
[Round "2"]
[White "Hintz, Steven"]
[Black "Akers, Gerard"]
[Result "1/2-1/2"]
[ECO "B84"]
[WhiteElo "1581"]
[BlackElo "1643"]
[PlyCount "102"]
[EventDate "2024.01.31"]
[EventType "tourn"]
[EventRounds "7"]
[EventCountry "AUS"]
[TimeControl "3600+30"]

1. e4 c5 2. Nf3 d6 3. d4 cxd4 4. Nxd4 Nf6 5. Nc3 a6 6. Be3 e6 7. Be2 Nbd7 8. a4
Qc7 9. O-O b6 10. f4 g6 11. Bf3 Bb7 12. e5 Nh5 13. Bxb7 Qxb7 14. exd6 Bxd6 15.
Qf3 Qxf3 16. Rxf3 Rc8 17. Ne4 Be7 18. c3 Nhf6 19. Ng3 e5 20. fxe5 Nxe5 21. Rf2
Neg4 22. Re2 Nxe3 23. Rxe3 Kf8 24. Ne4 Kg7 25. Nf2 Bc5 26. Rd1 Rhd8 27. Red3
Re8 28. Kf1 Rcd8 29. Nc6 Rxd3 30. Rxd3 Re6 31. Nd8 Rd6 32. Rxd6 Bxd6 33. h3 Nd7
34. Ne4 Bf4 35. Nc6 f5 36. Nf2 Nc5 37. a5 bxa5 38. Nxa5 Na4 39. Nd3 Bc7 40. Nc4
g5 41. Ke2 h5 42. Kf3 Nb6 43. Nxb6 Bxb6 44. g4 Kg6 45. Ne5+ Kg7 46. gxf5 Bc7
47. Ke4 Kf6 48. Nd3 a5 49. b3 g4 50. hxg4 hxg4 51. c4 g3 1/2-1/2

[Event "2024 Mary Thomson Cup (Division C)"]
[Site "Woodvale, Perth WA AUS"]
[Date "2024.02.07"]
[Round "2"]
[White "Michael, Ashley"]
[Black "Browning, Thomas"]
[Result "0-1"]
[ECO "B30"]
[WhiteElo "1560"]
[BlackElo "1644"]
[PlyCount "76"]
[EventDate "2024.01.31"]
[EventType "tourn"]
[EventRounds "7"]
[EventCountry "AUS"]
[TimeControl "3600+30"]

1. e4 c5 2. Nf3 Nc6 3. b4 b6 4. b5 Nd4 5. Bc4 Nxf3+ 6. Qxf3 e6 7. Bb2 Bb7 8.
O-O Nf6 9. Nc3 Be7 10. Rfe1 O-O 11. d3 d6 12. Rad1 Nd7 13. Qg3 Bh4 14. Qxd6 e5
15. Nd5 Bxd5 16. Qxd5 Qe7 17. Bb3 Nf6 18. Qc4 Ng4 19. g3 Qf6 20. f4 Bg5 21.
Bxe5 Qh6 22. Re2 Qh5 23. d4 Rad8 24. c3 Be7 25. Rde1 Kh8 26. f5 f6 27. Bf4 cxd4
28. cxd4 Rxd4 29. Qc7 Bc5 30. Kh1 Rxe4 31. h4 Rxe2 32. Rxe2 Nf2+ 33. Rxf2 Bxf2
34. Bd6 Qf3+ 35. Kh2 Re8 36. Qf7 Bg1+ 37. Kh3 Qxf5+ 38. Kg2 Re2+ 0-1

[Event "2024 Mary Thomson Cup (Division C)"]
[Site "Woodvale, Perth WA AUS"]
[Date "2024.02.07"]
[Round "2"]
[White "Bhatia, Abhay"]
[Black "Oswald, Franz"]
[Result "1-0"]
[ECO "E43"]
[WhiteElo "1730"]
[BlackElo "1693"]
[PlyCount "81"]
[EventDate "2024.01.31"]
[EventType "tourn"]
[EventRounds "7"]
[EventCountry "AUS"]
[TimeControl "3600+30"]

1. d4 Nf6 2. c4 e6 3. Nc3 Bb4 4. Nf3 O-O 5. e3 b6 6. Be2 Bb7 7. O-O Bxc3 8.
bxc3 c5 9. Bb2 d6 10. Qc2 Nbd7 11. Rad1 Qc7 12. Rfe1 Rfe8 13. h3 Rad8 14. a3 e5
15. dxe5 dxe5 16. Bc1 Nf8 17. Rxd8 Rxd8 18. Qf5 Be4 19. Qxe5 Qc6 20. Qg3 h6 21.
Ne5 Qb7 22. f3 Bh7 23. e4 Ng6 24. Nxg6 Bxg6 25. e5 Qb8 26. f4 Nh7 27. Rf1 Qc8
28. f5 Bxf5 29. Bxh6 Bg6 30. Bf4 Qe6 31. h4 Bf5 32. h5 Kh8 33. Qh4 Rg8 34. g4
g5 35. hxg6 Rxg6 36. g5 f6 37. Rd1 fxg5 38. Rd8+ Kg7 39. Bxg5 Rxg5+ 40. Kf2 Qh6
41. Rg8+ 1-0

[Event "2024 Mary Thomson Cup (Division D)"]
[Site "Woodvale, Perth WA AUS"]
[Date "2024.02.07"]
[Round "2"]
[White "Hounsome, David"]
[Black "Knight, Charles"]
[Result "0-1"]
[ECO "A01"]
[WhiteElo "1406"]
[BlackElo "1474"]
[PlyCount "106"]
[EventDate "2024.01.31"]
[EventType "tourn"]
[EventRounds "7"]
[EventCountry "AUS"]
[TimeControl "3600+30"]

1. b3 Nf6 2. Bb2 g6 3. Bxf6 exf6 4. c4 Bg7 5. Nc3 O-O 6. g3 c6 7. Bg2 d6 8. e3
f5 9. Rc1 Re8 10. Nge2 Nd7 11. d4 Nf6 12. Qd3 d5 13. O-O Ne4 14. cxd5 cxd5 15.
Nf4 Be6 16. Rc2 Rc8 17. Rfc1 Qa5 18. Qb5 Qxb5 19. Nxb5 Rxc2 20. Rxc2 a6 21. Nc3
Rc8 22. Nfe2 Bf8 23. Bxe4 dxe4 24. Kg2 b5 25. Rc1 Ba3 26. Rd1 Bb4 27. Rc1 Ba3
28. Rd1 b4 29. Nb1 Rc2 30. Rd2 Rb2 31. Rxb2 Bxb2 32. Nd2 Bd7 33. Nc4 Bb5 34. f3
Bxc4 35. bxc4 Kf8 36. Nf4 a5 37. Nd5 Bc3 38. Kf2 a4 39. fxe4 fxe4 40. Ke2 Ke8
41. Kd1 f5 42. Kc2 Be1 43. Nf6+ Ke7 44. Nxh7 Bf2 45. Ng5 Bxe3 46. Nh3 g5 47. d5
Kd6 48. Kd1 b3 49. axb3 a3 50. Kc2 a2 51. Kb2 g4 52. Nf4 Bxf4 53. gxf4 e3 0-1

[Event "2024 Mary Thomson Cup (Division D)"]
[Site "Woodvale, Perth WA AUS"]
[Date "2024.02.07"]
[Round "2"]
[White "Nauom, Rafik"]
[Black "Hagendoorn, Mark"]
[Result "0-1"]
[ECO "B01"]
[WhiteElo "1445"]
[BlackElo "1483"]
[PlyCount "118"]
[EventDate "2024.01.31"]
[EventType "tourn"]
[EventRounds "7"]
[EventCountry "AUS"]
[TimeControl "3600+30"]

1. d3 d5 2. e4 dxe4 3. Nc3 exd3 4. Bxd3 e5 5. Qe2 Bd6 6. Ne4 Nc6 7. Bg5 Nge7 8.
O-O-O O-O 9. Nxd6 cxd6 10. h4 f6 11. Be3 d5 12. h5 e4 13. Bxe4 Qa5 14. Bd3 Qxa2
15. Bc5 Qa1+ 16. Kd2 Qa5+ 17. b4 Nxb4 18. Bxb4 Qxb4+ 19. c3 Qb2+ 20. Ke1 Qxc3+
21. Qd2 Qxd2+ 22. Rxd2 Bd7 23. Rc2 Rac8 24. Nf3 Rxc2 25. Bxc2 Rc8 26. Kd2 a5
27. h6 g6 28. Re1 Kf7 29. g4 Bxg4 30. Nd4 Bd7 31. Ra1 Rc4 32. Nb3 a4 33. Na5
Rf4 34. Ke3 Rb4 35. Kd3 b5 36. Nb7 Bf5+ 37. Kd2 Bxc2 38. Kxc2 Ke6 39. Nc5+ Kd6
40. Nd3 Rh4 41. Kc3 Nc6 42. Rd1 b4+ 43. Kb2 Rxh6 44. Nf4 d4 45. Ne2 Kd5 46. Rd2
Rh4 47. f3 Na5 48. Ka2 b3+ 49. Kb1 a3 50. Rd1 g5 51. Ka1 Rh2 52. Nxd4 Kc4 53.
f4 Kc3 54. f5 Rd2 55. Nb5+ Kc2 56. Rb1 a2 57. Nd4+ Rxd4 58. Rb2+ Kc3 59. Rc2+
bxc2 0-1

[Event "2024 Mary Thomson Cup (Division D)"]
[Site "Woodvale, Perth WA AUS"]
[Date "2024.03.13"]
[Round "2"]
[White "Walker, Colin"]
[Black "Boswarva, Ernest"]
[Result "1-0"]
[ECO "C41"]
[WhiteElo "1429"]
[BlackElo "1497"]
[PlyCount "127"]
[EventDate "2024.01.31"]
[EventType "tourn"]
[EventRounds "7"]
[EventCountry "AUS"]
[TimeControl "3600+30"]

1. e4 d6 2. d4 Nf6 3. Nc3 Nbd7 4. Be2 e5 5. Nf3 Be7 6. dxe5 dxe5 7. O-O c6 8.
a3 Qc7 9. Be3 h6 10. Nd2 g5 11. f3 Nf8 12. g3 Bh3 13. Rf2 Rg8 14. Bf1 Be6 15.
Nb3 b6 16. Qe2 Rd8 17. Rd1 h5 18. Rxd8+ Qxd8 19. Nc1 g4 20. Nd3 gxf3 21. Qxf3
Bg4 22. Qh1 Ng6 23. Bg2 h4 24. h3 hxg3 25. Rxf6 Bxf6 26. hxg4 Rh8 27. Bh3 Nf4
28. Bxf4 exf4 29. e5 Qd4+ 30. Kf1 Bxe5 31. Qxc6+ Kf8 32. Bg2 Bd6 33. Qd5 Bc5
34. Qxd4 Bxd4 35. Nd5 Be3 36. Ke2 Rh2 37. Kf3 Kg7 38. N5xf4 Bxf4 39. Nxf4 Rh8
40. Kxg3 Rd8 41. Be4 Rd1 42. a4 Kf6 43. Bd3 Kg5 44. Nh3+ Kf6 45. b3 Re1 46. Kf4
Rh1 47. Nf2 Rh4 48. Ne4+ Kg7 49. Nc3 f6 50. Nb5 a5 51. Nc7 Rh8 52. Nd5 Rb8 53.
Kf5 Rc8 54. Nxb6 Rc5+ 55. Kf4 Rc6 56. Nc4 Rc5 57. Nb6 Rc6 58. Nc4 Rc5 59. Ne3
Re5 60. Nc4 Rc5 61. Nd6 Rd5 62. Ne4 {Draw claimed by Black} Re5 63. g5 fxg5+
64. Kxe5 1-0

[Event "2024 Mary Thomson Cup (Division D)"]
[Site "Woodvale, Perth WA AUS"]
[Date "2024.02.07"]
[Round "2"]
[White "Leech, Martin"]
[Black "Weijermars, Tristan"]
[Result "1-0"]
[ECO "B38"]
[WhiteElo "1547"]
[BlackElo "1515"]
[PlyCount "51"]
[EventDate "2024.01.31"]
[EventType "tourn"]
[EventRounds "7"]
[EventCountry "AUS"]
[TimeControl "3600+30"]

1. e4 c5 2. Nf3 Nc6 3. d4 cxd4 4. Nxd4 g6 5. c4 Bg7 6. Be3 e6 7. Nc3 Nge7 8.
Be2 O-O 9. O-O a6 10. Qd2 d5 11. f3 dxc4 12. Nxc6 Nxc6 13. Bxc4 Qxd2 14. Bxd2
b5 15. Bb3 Bb7 16. Rac1 Rfd8 17. Rfd1 Nd4 18. Bg5 Nxb3 19. axb3 Rxd1+ 20. Rxd1
b4 21. Na4 Bc6 22. Rd2 Bxa4 23. bxa4 h6 24. Be7 a5 25. b3 Bf8 26. Rd8 1-0

[Event "2024 Mary Thomson Cup (Division E)"]
[Site "Woodvale, Perth WA AUS"]
[Date "2024.02.07"]
[Round "2"]
[White "Porteus, Grant"]
[Black "Otis, Max"]
[Result "0-1"]
[ECO "B07"]
[WhiteElo "1184"]
[BlackElo "1348"]
[PlyCount "54"]
[EventDate "2024.01.31"]
[EventType "swiss"]
[EventRounds "7"]
[EventCountry "AUS"]
[TimeControl "3600+30"]

1. d4 Nf6 2. Nc3 g6 3. e4 d6 4. Bc4 a6 5. Bf4 b5 6. Bd3 Bb7 7. Qf3 Bg7 8. Nge2
O-O 9. h4 h5 10. Nd1 c5 11. c3 c4 12. Bc2 Nbd7 13. Ne3 e5 14. Bg5 exd4 15. cxd4
Re8 16. Nc3 Qa5 17. Bxf6 Nxf6 18. O-O-O Rac8 19. g4 b4 20. Na4 b3 21. axb3 cxb3
22. Nc3 bxc2 23. Nxc2 Nxe4 24. Rd3 Nxc3 25. Qxb7 Ne2+ 26. Kb1 Rb8 27. Ra3 Qxa3
0-1

[Event "2024 Mary Thomson Cup (Division E)"]
[Site "Woodvale, Perth WA AUS"]
[Date "2024.02.07"]
[Round "2"]
[White "Frankland, David"]
[Black "Lanham, Bruce"]
[Result "0-1"]
[ECO "B12"]
[WhiteElo "1174"]
[BlackElo "1255"]
[PlyCount "94"]
[EventDate "2024.01.31"]
[EventType "swiss"]
[EventRounds "7"]
[EventCountry "AUS"]
[TimeControl "3600+30"]

1. e4 c6 2. d4 d5 3. e5 c5 4. Be3 cxd4 5. Bxd4 f6 6. Bb5+ Bd7 7. Bxd7+ Nxd7 8.
e6 Ne5 9. Qe2 Nc6 10. Nf3 Nxd4 11. Nxd4 Qb6 12. Qb5+ Qxb5 13. Nxb5 Kd8 14. N1c3
a6 15. Nd4 g6 16. Nxd5 Bg7 17. c3 f5 18. O-O-O Nf6 19. Nxf6 Bxf6 20. Nxf5+ Ke8
21. h4 gxf5 22. g3 Rd8 23. Rde1 Rd6 24. Kc2 Kd8 25. Rd1 Be5 26. Rxd6+ Bxd6 27.
Rd1 Kc7 28. Rd5 Rf8 29. c4 b6 30. a3 f4 31. g4 Rf6 32. Rh5 h6 33. g5 hxg5 34.
Rxg5 Rxe6 35. Kd3 Kc6 36. h5 Re5 37. Rxe5 Bxe5 38. h6 Bxb2 39. h7 Bf6 40. a4
Kc5 41. Ke4 e5 42. Kf5 Bh8 43. Kg6 Kxc4 44. f3 Kd4 45. Kf7 e4 46. Kg8 Be5 47.
fxe4 Kxe4 0-1

[Event "2024 Mary Thomson Cup (Division E)"]
[Site "Woodvale, Perth WA AUS"]
[Date "2024.02.07"]
[Round "2"]
[White "Owen, Geoff"]
[Black "Young, Manfred"]
[Result "0-1"]
[ECO "A00"]
[WhiteElo "1104"]
[BlackElo "1205"]
[PlyCount "80"]
[EventDate "2024.01.31"]
[EventType "swiss"]
[EventRounds "7"]
[EventCountry "AUS"]
[TimeControl "3600+30"]

1. c3 d5 2. Qa4+ Nc6 3. d3 e5 4. g4 a6 5. Bg2 Be6 6. Nd2 b5 7. Qc2 Bxg4 8. h3
Be6 9. Nf1 h6 10. h4 Nf6 11. Ng3 Bc5 12. d4 exd4 13. cxd4 Bb4+ 14. Bd2 Bxd2+
15. Qxd2 O-O 16. Nf3 Qd6 17. a3 Ne4 18. Nxe4 dxe4 19. Ng5 Qxd4 20. O-O-O Qxd2+
21. Rxd2 hxg5 22. Bxe4 Na5 23. Kb1 Rad8 24. Rd3 Rxd3 25. exd3 g4 26. h5 f5 27.
Bg2 Kh7 28. f4 Rd8 29. Bf1 Bd5 30. Rh2 Bf3 31. Be2 Bxe2 32. Rxe2 Rxd3 33. Kc2
Rf3 34. h6 Nc6 35. Rd2 Kxh6 36. Rd7 Rxf4 37. Rxc7 g3 38. Rd7 Kg6 39. Rd3 g2 40.
Rg3+ Rg4 0-1

[Event "2024 Mary Thomson Cup (Division E)"]
[Site "Woodvale, Perth WA AUS"]
[Date "2024.02.07"]
[Round "2"]
[White "Bordas, Lindsay"]
[Black "Overste, Brian"]
[Result "0-1"]
[ECO "C40"]
[WhiteElo "1164"]
[BlackElo "981"]
[PlyCount "72"]
[EventDate "2024.01.31"]
[EventType "swiss"]
[EventRounds "7"]
[EventCountry "AUS"]
[TimeControl "3600+30"]

1. e4 e5 2. Nf3 d5 3. exd5 Qxd5 4. c4 Qe4+ 5. Qe2 Qxe2+ 6. Bxe2 Nc6 7. a3 Be7
8. O-O Bg4 9. h3 e4 10. hxg4 exf3 11. Bxf3 Na5 12. Bd1 O-O-O 13. b4 Nxc4 14.
Bb3 Ne5 15. Bb2 f6 16. Bxe5 fxe5 17. Bxg8 Rhxg8 18. Re1 Bd6 19. Nc3 Rge8 20.
Nb5 Kb8 21. Rad1 Bf8 22. d4 a6 23. Nc3 g5 24. Rxe5 Bg7 25. Rxe8 Rxe8 26. b5 Re6
27. Kf1 Rh6 28. Kg1 Rb6 29. a4 Ka7 30. Nd5 Rd6 31. Nxc7 Bxd4 32. Kh1 Rh6+ 33.
Kg1 Rd6 34. Ne8 Bxf2+ 35. Kxf2 Rxd1 36. Nc7 Ra1 0-1

[Event "2024 Mary Thomson Cup (Division E)"]
[Site "Woodvale, Perth WA AUS"]
[Date "2024.02.07"]
[Round "2"]
[White "Gough, Sebastian"]
[Black "Markou, Victor"]
[Result "0-1"]
[ECO "D93"]
[WhiteElo "1206"]
[BlackElo "1004"]
[PlyCount "162"]
[EventDate "2024.01.31"]
[EventType "swiss"]
[EventRounds "7"]
[EventCountry "AUS"]
[TimeControl "3600+30"]

1. d4 d5 2. c4 dxc4 3. Nc3 Nf6 4. Bf4 g6 5. e3 Bg7 6. Bxc4 O-O 7. Nf3 Re8 8.
O-O Nbd7 9. Ng5 e6 10. Qb3 Nh5 11. Nh3 Nxf4 12. Nxf4 c5 13. Rfd1 cxd4 14. exd4
Nb6 15. Bb5 Re7 16. Nfe2 a6 17. Bc4 Rc7 18. Bd3 Nd7 19. Rac1 b5 20. Be4 Rb8 21.
Nb1 Nb6 22. Rxc7 Qxc7 23. Rc1 Qd8 24. Qe3 Nc4 25. Qc3 Bb7 26. Bxb7 Rxb7 27. Rd1
Rc7 28. Qc2 Nd6 29. Qd2 Nc4 30. Qb4 Nb6 31. h3 Nd5 32. Qd2 Rd7 33. Nbc3 Nxc3
34. bxc3 e5 35. Qe3 exd4 36. cxd4 Re7 37. Qf3 Rd7 38. Qc3 a5 39. a3 Bf8 40. Rb1
b4 41. axb4 Bxb4 42. Qa1 Re7 43. Qa2 Qe8 44. Rb2 Rc7 45. Rc2 Rxc2 46. Qxc2 Qd8
47. Qc4 Bd6 48. Ng3 Qb8 49. Kh2 h5 50. Qc3 h4 51. Qe3 hxg3+ 52. fxg3 f6 53.
Qe6+ Kg7 54. Qd7+ Kh6 55. Qg4 f5 56. Qh4+ Kg7 57. d5 Bxg3+ 58. Qxg3 Qxg3+ 59.
Kxg3 Kf7 60. Kf3 Ke7 61. Ke3 Kd6 62. Kf4 a4 63. Kg5 a3 64. h4 a2 65. Kxg6 a1=Q
66. h5 Qh8 67. h6 Kxd5 68. Kxf5 Qxh6 69. g4 Kd6 70. g5 Qf8+ 71. Kg6 Qg8+ 72.
Kh6 Ke7 73. Kh5 Kf7 74. Kh4 Kg6 75. Kg4 Qc8+ 76. Kh4 Qc5 77. Kh3 Qf5+ 78. Kh2
Kxg5 79. Kg3 Qf4+ 80. Kg2 Kg4 81. Kg1 Kg3 0-1

[Event "2024 Mary Thomson Cup (Division A)"]
[Site "Woodvale, Perth WA AUS"]
[Date "2024.02.14"]
[Round "3"]
[White "Plaganyi, Gyula"]
[Black "Elkington, Derek"]
[Result "1/2-1/2"]
[ECO "B38"]
[WhiteElo "2053"]
[WhiteTitle "CM"]
[BlackElo "1896"]
[PlyCount "102"]
[EventDate "2024.01.31"]
[EventType "tourn"]
[EventRounds "7"]
[EventCountry "AUS"]
[TimeControl "3600+30"]

1. c4 c5 2. Nf3 Nc6 3. d4 cxd4 4. Nxd4 Nf6 5. Nc3 g6 6. e4 d6 7. Be2 Bd7 8. Be3
Bg7 9. Rc1 O-O 10. O-O b6 11. f3 Rc8 12. b3 a6 13. Qd2 Re8 14. Rfd1 h5 15. Bf1
Kh7 16. g3 Rg8 17. Qf2 Bh8 18. Nd5 Nxd5 19. Nxc6 Nxe3 20. Nxd8 Nxd1 21. Rxd1
Rgxd8 22. Qxb6 Be5 23. Kg2 h4 24. Be2 h3+ 25. Kf2 g5 26. Qe3 f6 27. Bd3 Kg7 28.
Bf1 a5 29. f4 gxf4 30. gxf4 Bb2 31. Bxh3 Bxh3 32. Qxh3 Rh8 33. Qg2+ Kf7 34. Kf3
Ba3 35. Rh1 Rcg8 36. Qf1 Bc5 37. h4 Rg7 38. Qh3 Rh5 39. Rh2 Rgh7 40. Qg3 Rg7
41. Qe1 Bb4 42. Qe2 Rgh7 43. f5 Bc3 44. Rh3 Be5 45. Qe1 Rg7 46. Qxa5 Rg1 47.
Qa6 Ke8 48. a4 Rb1 49. Qc8+ Kf7 50. Qc7 Rxb3+ 51. Kg2 Rb2+ 1/2-1/2

[Event "2024 Mary Thomson Cup (Division A)"]
[Site "Woodvale, Perth WA AUS"]
[Date "2024.02.14"]
[Round "3"]
[White "Saxon, Marc"]
[Black "Maris, Rob"]
[Result "1/2-1/2"]
[ECO "B56"]
[WhiteElo "2034"]
[BlackElo "2089"]
[PlyCount "34"]
[EventDate "2024.01.31"]
[EventType "tourn"]
[EventRounds "7"]
[EventCountry "AUS"]
[TimeControl "3600+30"]

1. e4 c5 2. Nf3 Nc6 3. d4 cxd4 4. Nxd4 Nf6 5. Nc3 d6 6. Be3 Ng4 7. Bg5 Qb6 8.
Bb5 Bd7 9. Bxc6 bxc6 10. O-O h6 11. Bc1 g6 12. h3 Ne5 13. b3 g5 14. Be3 Qa5 15.
Bd2 Qb6 16. Be3 Qa5 17. Bd2 Qb6 1/2-1/2